 Dungeon Crawl Stone Soup version 0.30-a0-242-g7bf8e6d787 (webtiles) character file.

Game seed: 5841458961218543782

93 slphil the Covered (level 4, -3/60 HPs)
             Began as an Armataur Fighter on Oct 12, 2022.
             Slain by an orc
             ... wielding a +0 short sword
              (4 damage)
             ... on level 4 of the Dungeon.
             The game lasted 00:02:29 (1075 turns).

slphil the Covered (Armataur Fighter)               Turns: 1075, Time: 00:02:29

Health: -3/60      AC: 22    Str: 23    XL:     4   Next: 36%
Magic:  4/4        EV:  1    Int:  8    God:
Gold:   73         SH:  4    Dex: 10    Spells: 3/3 levels left

rFire   . . .      SeeInvis .    a - +0 flail
rCold   . . .      Faith    .    c - +0 buckler
rNeg    . . .      Spirit   .    (body armour currently unavailable)
rPois   +          Reflect  .    (helmet currently unavailable)
rElec   .          Harm     .    (cloak currently unavailable)
rCorr   .          Roll     +    (gloves currently unavailable)
Will    .....      NoTele   +    (no barding)
Stlth   +.........               (no amulet)
HPRegen 0.30/turn                (no ring)
MPRegen 0.09/turn                (no ring)

@: mighty, brilliant, tree-form
A: stationary, stasis, torment immunity, boosted hp, large, rugged brown scales
3, (deformed body), (armoured tail), roll, long tongue, awkward tongue
a: no special abilities


You were on level 4 of the Dungeon.
You were a tree.
You visited 1 branch of the dungeon, and saw 3 of its levels.

You collected 73 gold pieces.

Inventory:

Hand Weapons
 a - a +0 flail (weapon)
Armour
 b - a +0 scale mail
 c - a +0 buckler (worn)
 l - a +2 leather armour of fire resistance (melded)
 n - a +1 barding (melded)
Scrolls
 e - a scroll of silence {unknown}
 f - 2 scrolls of noise {unknown}
 j - 3 scrolls of identify {unknown}
 k - a scroll of fear {unknown}
 q - a scroll of blinking {unknown}
 r - a scroll of teleportation {unknown}
Potions
 h - a potion of heal wounds {unknown}
 i - 2 potions of brilliance
 m - a potion of attraction {unknown}
 o - a potion of mutation {unknown}
 p - a potion of berserk rage {unknown}


   Skills:
 + Level 3.4 Fighting
 * Level 3.6 Maces & Flails
 - Level 3.6 Armour
 - Level 3.2 Shields


You had 3 spell levels left.
You didn't know any spells.
Your spell library contained the following spells:

 Spells                   Type           Power      Damage    Failure   Level
 Necrotise                Necr           0%         1d4       47%         1
 Slow                     Hex            0%         N/A       47%         1
 Vampiric Draining        Necr           0%         2d6       85%         3
 Vhi's Electric Charge    Tloc/Air       0%         N/A       85%         3
 Agony                    Necr           0%         N/A       100%        5
 Arcjolt                  Conj/Air       0%         1d10      100%        5
 Maxwell's Capacitive Co  Air            0%         ∞         100%        8


Dungeon Overview and Level Annotations

Branches:
Dungeon (2/15)

Altars:


Innate Abilities, Weirdness & Mutations

You are a tree.
Your roots penetrate the ground, keeping you stationary.
You cannot be teleported.
You are immune to unholy pain and torment.
Your maximum health is greatly increased.
Your equipment is partially melded.
(You are completely covered in rugged brown scales. (AC +3, +7% HP))
((Armour fits poorly on your strangely shaped body.))
((You have a long armoured tail.))
You roll when moving toward enemies. (Rampage)
Your long tongue fully drains potion bottles. (2x potion effects)
Your tongue gives you trouble enunciating. (1.5x scroll delay)


Message History

Your +2 leather armour of fire resistance melds into your body.
You feel less resistant to fire.
Your roots penetrate the ground.
You feel very sick. The orc hits you but does no damage.
The kobold hits you but does no damage.
It was a potion of brilliance.
You feel clever all of a sudden.
You feel very sick.
The orc shouts!
The kobold hits you but does no damage. You block the orc's attack.
You feel very mighty all of a sudden.
You feel sick.
The kobold hits you with a +0 dagger of venom.
* * * LOW HITPOINT WARNING * * *
The orc hits you but does no damage.
You barely miss the kobold.
You feel sick. The kobold hits you but does no damage.
The orc hits you with a +0 dagger.
* * * LOW HITPOINT WARNING * * *
You thump the kobold!
You kill the kobold!
You feel sick. The orc hits you but does no damage.
You sock the orc!
You kill the orc!
You feel sick. The orc hits you but does no damage.
The orc hits you with a +0 club.
* * * LOW HITPOINT WARNING * * *
You hit the orc.
The orc is moderately wounded.
You feel sick. You block the orc's attack. The orc hits you but does no damage.
You barely miss the orc.
The orc is moderately wounded.
You feel sick. The orc completely misses you.
The orc hits you but does no damage. The orc hits you with a +0 short sword.
* * * LOW HITPOINT WARNING * * *
The orc hits you but does no damage.
You hit the orc.
You kill the orc!
You feel sick.
You are no longer poisoned.
The orc hits you with a +0 short sword.
You die...

. ##
....###########...
#.....)♣)........
#...####o........
#...............+
#....###.$......#
#.........#......
#.........#.#####
............#
...............
##.o...##.#.###


You could see an orc.

Vanquished Creatures
  A hound (D:4)
  An adder (D:2)
  2 dart slugs
  3 orcs (D:4)
  7 ball pythons
  2 endoplasms (D:1)
  2 giant cockroaches
  5 goblins
  5 hobgoblins
  6 kobolds
  2 quokkas (D:1)
  2 bats
  4 frilled lizards
  3 rats
45 creatures vanquished.

Notes
Turn   | Place    | Note
-------+----------+-------------------------------------------
     0 | D:1      | slphil the Armataur Fighter began the quest for the Orb.
     0 | D:1      | Reached XP level 1. HP: 19/19 MP: 1/1
    98 | D:1      | Reached XP level 2. HP: 26/26 MP: 2/2
   485 | D:1      | Reached XP level 3. HP: 33/33 MP: 3/3
   831 | D:2      | Found a faded altar of an unknown god.
   858 | D:2      | Got Plato's Reference Book on Execration
  1033 | D:2      | You fall into a shaft and drop 2 floors!
  1058 | D:4      | Reached XP level 4. HP: 26/40 MP: 4/4
  1074 | D:4      | HP: 2/60 [orc/+0 short sword (3)]
  1075 | D:4      | Slain by an orc

Illustrated notes

Levels and vault maps discovered:
D:1:      dpeg_arrival_line_fractal, layout_rooms, nrook_campfire,
          nicolae_concentric_dashed_squares_wild, minivault_4
D:2:      layout_basic, shapermc_ecumenical_altar_rom_forum, basic_altar,
          minmay_misc_feat_columns, minmay_between
D:4:      layout_basic, makhleb_heckhound_becter,
          minmay_overflow_temple_star_quad, portal_sewer_entry_a

Skill      XL: |  1  2  3 |
---------------+----------+-----
Maces & Flails | 2 3 |  3.6
Fighting       | 3 |  3.4
Armour         | |  3.6
Shields        | |  3.2

Action                   |  1- 3 |  4- 6 || total
-------------------------+-------+-------++-------
Melee: Flail             |   134 |    14 ||   148
       Tailslap          |    11 |       ||    11
  Use: Potion            |       |     3 ||     3
Armor: Scale mail        |    33 |       ||    33
       Leather armour    |    48 |     5 ||    53
       Skin              |       |    10 ||    10
Dodge: Dodged            |    51 |     5 ||    56
Block: Buckler           |    22 |     5 ||    27

Table legend: (Time is in decaauts)
 A = Elapsed time spent in this place.
 B = Non-inter-level travel time spent in this place.
 C = Inter-level travel time spent in this place.
 D = Time resting spent in this place.
 E = Time spent auto-exploring this place.
 F = Levels seen in this place.
 G = Mean time per level.
                   A        B        C        D        E       F      G
               +--------+--------+--------+--------+--------+-----+--------+
         Total |   1117 |   1084 |     33 |      0 |    771 |   3 |  372.3 |
       Dungeon |   1117 |   1084 |     33 |      0 |    771 |   3 |  372.3 |
               +--------+--------+--------+--------+--------+-----+--------+

Top non-repeatable levels by time:
     D:1: 769 daAuts
     D:2: 298 daAuts
     D:4: 48 daAuts
